 Dungeon Crawl Stone Soup version 0.22.1-1-ga44c0e56f4 (webtiles) character file.

54559 D1HalberdGnoll the Fencer (level 15, -6/120 HPs)
             Began as a Human Berserker on Nov 7, 2018.
             Was a Priest of Trog.
             Mangled by a dire elephant (22 damage)
             ... on level 6 of the Lair of Beasts.
             The game lasted 00:53:51 (34800 turns).

D1HalberdGnoll the Fencer (Human Berserker)        Turns: 34800, Time: 00:53:52

Health: -6/120     AC: 13    Str: 20    XL:     15   Next: 14%
Magic:  0/15       EV: 15    Int: 12    God:    Trog [***...]
Gold:   1037       SH:  0    Dex: 12    Spells: 14/14 levels left

rFire    + + .     SeeInvis .   c - +2 long sword (venom)
rCold    x . .     Gourm    .   (no shield)
rNeg     . . .     Faith    .   v - +0 fire dragon scales
rPois    .         Spirit   +   m - +0 helmet (curse)
rElec    .         Reflect  .   y - scarf {Spirit}
rCorr    +         Harm     .   (no gloves)
MR       +....                  (no boots)
Stlth    +.........             (no amulet)
HPRegen  0.30/turn              b - ring of stealth
MPRegen  0.14/turn              D - ring of resist corrosion

@: berserk cooldown, slowed, very slow
A: no striking features
a: Berserk, Trog's Hand, Renounce Religion


You were on level 6 of the Lair of Beasts.
You worshipped Trog.
Trog was most pleased with you.
You were very hungry.

You visited 3 branches of the dungeon, and saw 18 of its levels.

You collected 1477 gold pieces.
You spent 440 gold pieces at shops.

Inventory:

Hand Weapons
 c - a +2 long sword of venom (weapon)
 k - a +0 short sword of draining
Missiles
 a - 7 javelins of returning (quivered)
 x - a throwing net
Armour
 m - a cursed +0 helmet (worn)
 v - +0 fire dragon scales (worn)
 y - a scarf of spirit shield (worn)
Jewellery
 b - a ring of stealth (left hand)
 D - a ring of resist corrosion (right hand)
Wands
 i - a wand of scattershot (3)
 j - a wand of flame (53)
 p - a wand of digging (23)
 H - a wand of random effects (27)
 I - a wand of paralysis (17)
Scrolls
 d - 2 scrolls of remove curse
 o - 5 scrolls of teleportation
 t - 4 scrolls of fog
 u - a scroll of brand weapon
 A - 3 scrolls of magic mapping
 C - a scroll of enchant armour
 G - a scroll of fear
Potions
 e - 2 potions of degeneration {unknown}
 f - a potion of ambrosia {unknown}
 g - 3 potions of resistance
 h - 6 potions of curing
 n - 3 potions of lignification
 q - a potion of cancellation {unknown}
 r - 3 potions of flight
 s - 4 potions of might
 z - 2 potions of brilliance {unknown}
 B - 3 potions of agility
 F - a potion of berserk rage
Comestibles
 l - 3 chunks of flesh
 w - 9 rations


   Skills:
 + Level 11.8 Fighting
 * Level 15.7 Long Blades
 + Level 11.6 Armour
 + Level 11.5 Dodging


You had 14 spell levels left.
You didn't know any spells.
Your spell library was empty.

Dungeon Overview and Level Annotations

Branches:
Dungeon (11/15)            Temple (1/1) D:6            Lair (6/6) D:8
  Swamp (0/4) Lair:2        Snake (0/4) Lair:3        Slime (0/5) Lair:5
    Orc (0/2) D:10

Altars:
Ashenzari
Cheibriados
Dithmenos
Elyvilon
Fedhas
Gozag
Hepliaklqana
Kikubaaqudgha
Makhleb
Nemelex Xobeh
Okawaru
Qazlal
Ru
Sif Muna
Trog
Uskayaw
Vehumet
Wu Jian
Xom
Yredelemnul
Zin
The Shining One
Jiyva

Shops:
D:7 ([([   D:10 (=

Annotations:
D:5 exclusion: 2 downstairs
D:11 Josephine
Lair:1 exclusion: 2 downstairs
Lair:3 3 runed doors, Dommiel19's ghost, journeyman OgBe
Lair:4 2 transporters, exclusion: 2 oklob plants


Message History

You hold your ground!
The dire elephant trunk-slaps you but does no damage.
You are too berserk!
You are too berserk!
Unknown command.
You are too berserk!
Unknown command.
You see here a crocodile corpse.
You feel a strong urge to attack something.
You are no longer berserk.
You are exhausted.
You feel yourself slow down.
Okay, then.
Okay, then.
Okay, then.
You feel better. The dire elephant closely misses you.
The dire elephant trunk-slaps you but does no damage.
A komodo dragon comes into view.
The dire elephant tramples you!!
You die...

.....≈≈..≈........
.P.........
....................
..♣♣♣♣.....
♣..♣♣....♣♣♣.♣♣.....
♣♣.... ♣♣♣♣♣♣..♣♣ ♣♣
♣♣.. ♣♣♣.. ♣. ♣.. .♣
.♣♣ ♣♣..♣♣ .♣
♣♣@...♣ ...
♣♣♣Y..♣l....
♣...♣♣♣♣ ♣♣♣♣..♣.♣♣
... ..
♣....♣♣♣..†♣♣♣..♣♣ ♣
♣♣♣♣. ♣.......♣♣
♣♣..♣♣ ♣....
♣♣♣P♣♣.♣♣ ♣♣..♣♣
♣... +♣♣♣♣♣ ♣♣..♣♣
♣♣.. ♣..♣..♣ ♣...
♣..♣♣..♣♣ ♣♣♣.


You could see a dire elephant and a komodo dragon.

Vanquished Creatures
  Rupert (Lair:4)
  Snorg (Lair:5)
  A fire dragon (Lair:1)
  7 hydras
  A two-headed ogre (D:6)
  9 death yaks
  A tengu warrior (D:10)
  Urug (Lair:4)
  Nergalle (Lair:4)
  Sonja (Lair:5)
  A cyclops (D:6)
  9 black mambas
  10 elephants
  19 spiny frogs
  2 rime drakes
  A centaur skeleton (D:10)
  7 komodo dragons
  4 trolls
  4 polar bears
  A tyrant leech (Lair:1)
  8 blink frogs
  4 dream sheep (Lair:4)
  6 hippogriffs
  2 wyverns (Lair:5)
  34 yaks
  3 basilisks
  3 hungry ghosts
  Edmund (D:6)
  2 swamp worms
  15 porcupines
  21 water moccasins
  9 ice beasts
  4 orc warriors
  4 sky beasts
  3 black bears
  A hornet zombie (D:9)
  4 phantoms
  5 ogres
  5 centaurs
  18 crocodiles
  2 big kobolds
  13 bullfrogs
  3 wyvern skeletons (D:10)
  4 scorpions
  5 killer bees
  4 wights (D:8)
  2 electric eels (Lair:1)
  A centaur zombie (D:8)
  8 crimson imps
  5 hounds
  2 jellies
  3 orc priests
  2 bullfrog skeletons
  5 iguanas
  8 orc wizards
  Ijyb (D:2)
  Terence (D:3)
  8 worker ants
  A hound skeleton (D:6)
  12 gnolls
  17 adders
  2 oozes
  An adder zombie (D:5)
  5 worms
  7 leopard geckos
  47 orcs
  2 ball pythons (D:1)
  3 giant cockroaches (D:2)
  13 goblins
  6 hobgoblins
  14 jackals
  12 kobolds
  2 quokkas
  8 bats
  7 frilled lizards
  A jackal skeleton (D:4)
  2 leopard gecko skeletons
  A quokka zombie (D:5)
  5 rats
479 creatures vanquished.

Vanquished Creatures (others)
  A gnoll (D:6)
  A jackal (D:9)
  26 fungi
  33 plants
61 creatures vanquished.

Grand Total: 540 creatures vanquished

Notes
Turn   | Place    | Note
-------+----------+-------------------------------------------
     0 | D:1      | D1HalberdGnoll the Human Berserker began the quest for the
                  | Orb.
     0 | D:1      | Reached XP level 1. HP: 18/18 MP: 1/1
   325 | D:1      | Reached XP level 2. HP: 18/24 MP: 2/2
   665 | D:1      | Reached XP level 3. HP: 23/29 MP: 3/3
   979 | D:1      | Reached ** piety under Trog
  1746 | D:2      | Reached XP level 4. HP: 30/35 MP: 4/4
  2342 | D:2      | Noticed a phantom
  2362 | D:2      | Killed a phantom
  2362 | D:2      | Reached skill level 4 in Long Blades
  2362 | D:2      | Reached XP level 5. HP: 33/42 MP: 5/5
  2803 | D:3      | Noticed Ijyb
  2813 | D:3      | Noticed Terence
  2830 | D:2      | Killed Ijyb
  2830 | D:2      | Reached XP level 6. HP: 33/48 MP: 6/6
  2932 | D:3      | Killed Terence
  3091 | D:3      | Noticed an ogre
  3098 | D:3      | Killed an ogre
  3098 | D:3      | Reached skill level 5 in Long Blades
  3908 | D:4      | Reached XP level 7. HP: 35/54 MP: 7/7
  4546 | D:4      | Reached *** piety under Trog
  5297 | D:5      | Entered Level 5 of the Dungeon
  5324 | D:5      | Reached skill level 6 in Long Blades
  5324 | D:5      | Reached XP level 8. HP: 38/61 MP: 8/8
  5888 | D:5      | Found an iron altar of Okawaru.
  5914 | D:5      | Reached skill level 5 in Fighting
  6019 | D:4      | Reached skill level 7 in Long Blades
  6231 | D:5      | Reached skill level 5 in Armour
  6335 | D:5      | Reached XP level 9. HP: 60/68 MP: 9/9
  6545 | D:5      | Found a snail-covered altar of Cheibriados.
  6696 | D:6      | Noticed a cyclops
  6697 | D:6      | Noticed Edmund
  6729 | D:6      | Reached skill level 5 in Dodging
  6982 | D:6      | Found a staircase to the Ecumenical Temple.
  6991 | Temple   | Entered the Ecumenical Temple
  7266 | D:6      | Found Wuzoakic's Food Shoppe.
  7442 | D:6      | Killed Edmund
  7691 | D:6      | Killed a cyclops
  7691 | D:6      | Reached skill level 8 in Long Blades
  8497 | D:6      | Noticed a two-headed ogre
  8963 | D:6      | Found a bloodstained altar of Trog.
  9322 | D:6      | Reached XP level 10. HP: 71/77 MP: 10/10
  9345 | D:6      | Killed a two-headed ogre
  9345 | D:6      | Reached skill level 9 in Long Blades
  9482 | D:7      | Found Gykkoove's Antique Weapon Boutique.
  9488 | D:7      | Found Woelon's Antique Armour Shoppe.
  9850 | D:7      | Found Uqigyqu's Antique Armour Boutique.
 10139 | D:7      | Reached **** piety under Trog
 10553 | D:7      | Found Adiub's Antique Weapon Emporium.
 11631 | D:7      | Reached skill level 10 in Long Blades
 12601 | D:8      | Reached XP level 11. HP: 84/84 MP: 11/11
 13556 | D:8      | Found a staircase to the Lair.
 13672 | D:7      | Reached skill level 11 in Long Blades
 15195 | D:10     | Entered Level 10 of the Dungeon
 15202 | D:10     | You fall through a shaft!
 15354 | D:11     | Noticed Josephine
 15775 | D:10     | Found Foasyid's Weapon Shoppe.
 15775 | D:10     | Found a staircase to the Orcish Mines.
 16509 | D:6      | Bought a ration for 55 gold pieces
 16509 | D:6      | Bought a ration for 55 gold pieces
 16509 | D:6      | Bought a ration for 55 gold pieces
 16509 | D:6      | Bought a ration for 55 gold pieces
 16586 | D:10     | Noticed a tengu warrior
 16613 | D:10     | Killed a tengu warrior
 16684 | D:10     | Reached XP level 12. HP: 92/94 MP: 12/12
 16733 | D:10     | Found Eciplieh's Jewellery Emporium.
 17377 | Lair:1   | Entered Level 1 of the Lair of Beasts
 17480 | Lair:1   | Reached skill level 12 in Long Blades
 18550 | Lair:1   | Noticed a fire dragon
 18592 | Lair:1   | Killed a fire dragon
 18974 | Lair:1   | HP: 4/95 [poisoned by a spiny frog]
 18979 | Lair:1   | HP: 3/95 [poisoned by a spiny frog]
 19420 | Lair:2   | Found a staircase to the Swamp.
 20254 | Lair:2   | Noticed a four-headed hydra
 20625 | Lair:2   | Killed a four-headed hydra
 20637 | Lair:2   | Noticed a death yak
 20836 | Lair:2   | Noticed a death yak
 20839 | Lair:2   | Noticed a death yak
 20869 | Lair:2   | Killed a death yak
 20869 | Lair:2   | Reached skill level 13 in Long Blades
 20909 | Lair:1   | Killed a death yak
 20909 | Lair:1   | Reached XP level 13. HP: 55/102 MP: 8/13
 21122 | Lair:2   | Received a gift from Trog
 22212 | Lair:3   | Found a runed gate.
 22212 | Lair:3   | Found a runed gate.
 22213 | Lair:3   | Found a runed gate.
 22213 | Lair:3   | Noticed Dommiel19's ghost (journeyman OgBe)
 22213 | Lair:3   | Noticed a nine-headed hydra
 22214 | Lair:3   | Noticed a nine-headed hydra
 22444 | Lair:3   | Reached skill level 10 in Fighting
 22762 | Lair:3   | Found a staircase to the Snake Pit.
 23631 | Lair:4   | Reached skill level 10 in Armour
 23642 | Lair:4   | Found a transporter.
 23646 | Lair:4   | Noticed Urug
 23671 | Lair:4   | Killed Urug
 23671 | Lair:4   | Reached skill level 10 in Dodging
 23721 | Lair:4   | Noticed Nergalle
 24166 | Lair:3   | Found a staircase to the Snake Pit.
 24860 | Lair:3   | Found a runed gate.
 24860 | Lair:3   | Found a runed gate.
 24861 | Lair:3   | Found a runed gate.
 25357 | D:6      | Bought a ration for 55 gold pieces
 25357 | D:6      | Bought a ration for 55 gold pieces
 25357 | D:6      | Bought a ration for 55 gold pieces
 25357 | D:6      | Bought a ration for 55 gold pieces
 25939 | Lair:4   | HP: 7/156 [spectral orc warlord/battleaxe of
                  | freezing[Nergalle] (6)]
 25940 | Lair:4   | Killed Nergalle
 25940 | Lair:4   | Reached skill level 14 in Long Blades
 26442 | Lair:4   | Found a transporter.
 26465 | Lair:4   | Noticed Rupert
 26491 | Lair:4   | Killed Rupert
 27279 | Lair:4   | Reached XP level 14. HP: 61/111 MP: 8/14
 28187 | Lair:5   | Noticed Snorg
 28204 | Lair:5   | Killed Snorg
 28936 | Lair:5   | Noticed Sonja
 28942 | Lair:5   | Killed Sonja
 29945 | Lair:4   | Reached skill level 15 in Long Blades
 30088 | Lair:4   | Found a transporter.
 30455 | Lair:4   | Found a transporter.
 31096 | Lair:5   | Found a viscous altar of Jiyva.
 31096 | Lair:5   | Found a staircase to the Slime Pits.
 31487 | Lair:6   | Entered Level 6 of the Lair of Beasts
 33455 | Lair:6   | HP: 4/113 [poisoned by a black mamba]
 34017 | Lair:6   | Reached XP level 15. HP: 94/120 MP: 12/15
 34794 | Lair:6   | HP: 9/180 [dire elephant (20)]
 34800 | Lair:6   | Mangled by a dire elephant

Skill      XL: |  1  2  3  4  5  6  7  8  9 10 11 12 13 14 |
---------------+-------------------------------------------+-----
Long Blades    | 4 5 6 7 8 10 11 13 14 15 | 15.7
Armour         | 3 4 5 6 7 8 9 10 11 | 11.6
Dodging        | 3 4 6 7 8 9 10 11 | 11.5
Fighting       | 4 5 6 7 8 9 10 11 | 11.8

Action                   |  1- 3 |  4- 6 |  7- 9 | 10-12 | 13-15 || total
-------------------------+-------+-------+-------+-------+-------++-------
Melee: Falchion          |    91 |   125 |   511 |   141 |       ||   868
       Dagger            |       |    20 |    74 |       |       ||    94
       Short sword       |       |       |       |  1386 |   738 ||  2124
       Long sword        |       |       |       |    15 |   617 ||   632
Throw: Javelin           |       |       |       |       |    11 ||    11
Invok: Berserk           |     1 |     4 |    13 |    22 |    12 ||    52
       Trog's Hand       |       |     2 |     8 |    20 |    15 ||    45
Evoke: Wand              |       |       |       |    18 |     3 ||    21
  Use: Scroll            |       |       |    13 |    13 |    12 ||    38
       Potion            |       |       |       |     4 |     7 ||    11
 Stab: Sleeping          |       |     1 |       |       |       ||     1
       Invisible         |       |       |       |     6 |       ||     6
       Paralysed         |       |       |       |       |     2 ||     2
  Eat: Chunk             |     4 |     4 |    22 |    26 |    29 ||    85
       Ration            |       |     2 |     3 |    16 |     9 ||    30
Armor: Animal skin       |    30 |    13 |       |       |       ||    43
       Scale mail        |       |    16 |    35 |       |       ||    51
       Leather armour    |       |     3 |       |       |       ||     3
       Plate armour      |       |       |   354 |   819 |       ||  1173
       Fire dragon scale |       |       |       |    53 |   453 ||   506
       Skin              |       |       |       |       |    15 ||    15
Dodge: Dodged            |    77 |   106 |   216 |   755 |   852 ||  2006
       Rpst.: Falchion   |    30 |    29 |    54 |    14 |       ||   127
       Long sword        |       |       |       |     2 |   111 ||   113
